 Dungeon Crawl Stone Soup version 0.28-b1-25-g9875b3fc8c (webtiles) character file.

Game seed: 17762762511720586231

4 Descartes the Magician (level 1, -3/12 HPs)
             Began as a Deep Elf Wanderer on Feb 1, 2022.
             Hit by a stone thrown by a kobold (4 damage)
             ... on level 1 of the Dungeon.
             The game lasted 00:01:17 (113 turns).

Descartes the Magician (Deep Elf Wanderer)           Turns: 113, Time: 00:01:18

Health: -3/12      AC:  3    Str:  6    XL:     1   Next: 50%
Magic:  1/7        EV: 11    Int: 15    God:
Gold:   0          SH:  0    Dex: 18    Spells: 7/8 levels left

rFire   . . .      SeeInvis .   a - +2 hunting sling
rCold   . . .      Faith    .   (no shield)
rNeg    . . .      Spirit   .   e - +0 robe
rPois   .          Reflect  .   (no helmet)
rElec   .          Harm     .   c - +0 cloak
rCorr   .          Rampage  .   (no gloves)
Will    .....                   (no boots)
Stlth   ++........              (no amulet)
HPRegen 0.04/turn               (no ring)
MPRegen 0.10/turn               (no ring)

@: no status effects
A: no striking features
a: no special abilities


You were on level 1 of the Dungeon.
You visited 1 branch of the dungeon, and saw 1 of its levels.

Inventory:

Hand Weapons
 a - a +2 hunting sling (weapon)
Missiles
 b - 4 sling bullets (quivered ammo)
 d - 28 stones
Armour
 c - a +0 cloak (worn)
 e - a +0 robe (worn)
Scrolls
 f - a scroll of teleportation {unknown}


   Skills:
 - Level 1.0 Fighting
 - Level 1.5 Slings
 - Level 1.5 Armour
 * Level 0.6 Dodging
 - Level 1.2 Stealth
 - Level 4.4 Spellcasting
 + Level 0.2 Conjurations
 + Level 0.2 Earth Magic
 + Level 0.2 Poison Magic
 - Level 1.1 Evocations


You had 7 spell levels left.
You knew the following spells:

 Your Spells              Type           Power      Damage    Failure   Level
a - Sandblast             Erth           8%         2d5       16%         1

Your spell library contained the following spells:

 Spells                   Type           Power      Damage    Failure   Level
 Stone Arrow              Conj/Erth      8%         3d7       43%         3


Dungeon Overview and Level Annotations

Branches:
Dungeon (1/15)

Altars:


Message History

Casting: Sandblast (safe; 16% risk of failure)
Confirm with . or Enter, or press ? or * to list all spells.
Aiming: Sandblast (safe; 16% risk of failure)
Press: ? - help, Shift-Dir - straight line, f/p - kobold
Aim: a kobold, wielding a +2 short sword of protection and quivering stones (72% to hit)
The blast of sand hits the kobold but does no damage.
d - 28 stones The kobold hits you with a +2 short sword of protection.
* * * LOW HITPOINT WARNING * * *
The kobold throws a stone.
The stone hits you.
* * * LOW HITPOINT WARNING * * *
The kobold throws a stone.
The stone closely misses you.
The kobold throws a stone.
The stone closely misses you.
The kobold throws a stone.
The stone hits you but does no damage.
The kobold throws a stone.
The stone hits you.
* * * LOW HITPOINT WARNING * * *
The kobold throws a stone.
The stone hits you but does no damage.
You are too injured to fight recklessly!
You are too injured to fight recklessly!
Unknown command.
The kobold throws a stone.
The stone hits you.
* * * LOW HITPOINT WARNING * * *
Fire: 7 sling bullets
Press: ? - help, Q - select action, (/) - cycle Shift-Dir - straight line, f/p - kobold
Aim: a kobold, wielding a +2 short sword of protection and quivering stones (56% to hit)
You shoot a sling bullet.
The sling bullet barely misses the kobold.
The kobold throws a stone.
The stone hits you but does no damage.
Fire: 6 sling bullets
Press: ? - help, Q - select action, (/) - cycle Shift-Dir - straight line, f/p - kobold
Aim: a kobold, wielding a +2 short sword of protection and quivering stones (56% to hit)
You shoot a sling bullet.
The sling bullet closely misses the kobold.
Fire: 5 sling bullets
Press: ? - help, Q - select action, (/) - cycle Shift-Dir - straight line, f/p - kobold
Aim: a kobold, wielding a +2 short sword of protection and quivering stones (56% to hit)
You shoot a sling bullet.
The sling bullet barely misses the kobold.
The kobold throws a stone.
The stone hits you.
You die...

####### # #.....# #. ##.#'#.##
.. #>.#.#..# ## #. #+#
####.#######.
###..#######.########.####....
.............@.....K(......##.
######.###########.##########
#.##...# #'# #.#..⌠.# ###.###
#.'..<.# #.....# ###..⌠.#
#.###.# ##...# #.....# #####
#######


You could see a kobold.

Vanquished Creatures
  A dart slug (D:1)
  A hobgoblin (D:1)
2 creatures vanquished.

Notes
Turn   | Place    | Note
-------+----------+-------------------------------------------
     0 | D:1      | Descartes the Deep Elf Wanderer began the quest for the
                  | Orb.
     0 | D:1      | Descartes set off with the following items: a +2 hunting
                  | sling, 16 sling bullets, a +0 cloak, 36 stones, a +0 robe;
                  | and the following spell memorised: Sandblast; and the
                  | following spells available to memorise: Stone Arrow
     0 | D:1      | Reached XP level 1. HP: 12/12 MP: 7/7
   113 | D:1      | Hit by a stone thrown by a kobold

Illustrated notes

Levels and vault maps discovered:
D:1:      dpeg_arrival_renting, layout_basic,
          hellmonk_ecumenical_altar_heavens_door, minmay_pentomino_t4

Action                   || total
-------------------------++-------
Melee: Hunting sling     ||     1
 Fire: Hunting sling     ||    13
 Cast: Sandblast         ||     8
Armor: Robe              ||     5
Dodge: Dodged            ||     6
